 Dungeon Crawl Stone Soup version 0.28.0-43-g3370ac3207 (webtiles) character file.

Game seed: 12485341540528288822

202 Pemander the Protected (level 5, 0/37 HPs)
             Began as a Gnoll Wanderer on Mar 17, 2022.
             Succumbed to a scorpion's poison
             ... on level 4 of the Dungeon.
             The game lasted 00:04:02 (3643 turns).

Pemander the Protected (Gnoll Wanderer)             Turns: 3643, Time: 00:04:03

Health: 0/37       AC:  6    Str: 12    XL:     5   Next: 80%
Magic:  9/9        EV: 11    Int: 16    God:
Gold:   79         SH:  0    Dex:  8    Spells: 7/10 levels left

rFire   . . .      SeeInvis .   a - +1 rapier
rCold   + . .      Faith    .   (no shield)
rNeg    . . .      Spirit   .   i - +2 leather armour {Will+}
rPois   .          Reflect  .   (no helmet)
rElec   .          Harm     .   (no cloak)
rCorr   .          Rampage  .   (no gloves)
Will    +....                   (no boots)
Stlth   +.........              (no amulet)
HPRegen 0.12/turn               j - ring of protection from cold
MPRegen 0.11/turn               (no ring)

@: lethally poisoned (0 -> -14), attractive
A: fangs 1, strong nose, distributed training
a: no special abilities


You were on level 4 of the Dungeon.
You visited 1 branch of the dungeon, and saw 4 of its levels.

You collected 79 gold pieces.

Inventory:

Hand Weapons
 a - a +1 rapier (weapon)
Armour
 b - a +1 ring mail
 i - a +2 leather armour of willpower (worn)
Jewellery
 j - a ring of protection from cold (left hand)
Wands
 f - a wand of polymorph (3)
Scrolls
 c - 3 scrolls of enchant armour
 k - a scroll of blinking {unknown}
 l - a scroll of teleportation
 m - 2 scrolls of identify
 n - a scroll of vulnerability {unknown}
Potions
 d - a potion of lignification {unknown}
 e - 2 potions of resistance


   Skills:
 + Level 1.6 Fighting
 + Level 6.7 Short Blades
 + Level 1.6 Long Blades
 + Level 1.6 Axes
 + Level 1.6 Maces & Flails
 + Level 1.6 Polearms
 + Level 1.6 Staves
 + Level 1.6 Slings
 + Level 1.6 Bows
 + Level 1.6 Crossbows
 + Level 1.6 Throwing
 + Level 8.7 Armour
 + Level 1.6 Dodging
 + Level 1.6 Stealth
 + Level 1.6 Shields
 + Level 1.6 Unarmed Combat
 + Level 3.2 Spellcasting
 + Level 1.3 Conjurations
 + Level 1.3 Hexes
 + Level 1.3 Summonings
 + Level 2.4 Necromancy
 + Level 1.3 Translocations
 + Level 1.3 Transmutations
 + Level 1.3 Fire Magic
 + Level 1.3 Ice Magic
 + Level 1.3 Air Magic
 + Level 1.3 Earth Magic
 + Level 1.3 Poison Magic
 + Level 1.8 Invocations
 + Level 3.0 Evocations


You had 7 spell levels left.
You knew the following spells:

 Your Spells              Type           Power      Damage    Failure   Level
a - Animate Skeleton      Necr           20%        N/A       9%          1
b - Wereblood             Tmut           6%         N/A       21%         2

Your spell library contained the following spells:

 Spells                   Type           Power      Damage    Failure   Level
 Sublimation of Blood     Necr           10%        N/A       12%         2
 Corpse Rot               Necr/Air       16%        N/A       16%         2
 Poisonous Vapours        Pois/Air       12%        N/A       21%         2
 Vampiric Draining        Necr           10%        2d6       24%         3
 Summon Hydra             Summ           3%         N/A       100%        7


Dungeon Overview and Level Annotations

Branches:
Dungeon (4/15)
 Temple: D:4-7

Altars:

Shops:
D:3 [

Annotations:
D:4 Robin


Innate Abilities, Weirdness & Mutations

You have very sharp teeth.
Your uncanny sense of smell can sniff out nearby items.
Your experience applies equally to all skills.


Message History

Robin of the Strong Arm comes into view.
They are wielding a +0 spear and carrying a wand of flame (13).
You feel very sick. The goblin hits you with a +0 club.
A goblin comes into view. It is wielding a +0 club.
You feel sick. The scorpion barely misses you.
You feel sick.
You feel sick.
Okay, then.
You hit the scorpion but do no damage.
The scorpion is moderately wounded.
The scorpion stings you.
You hit the scorpion.
The scorpion is heavily wounded.
You feel sick. The scorpion closely misses you.
You closely miss the scorpion.
The scorpion is heavily wounded.
You feel sick. The scorpion stings you.
You barely miss the scorpion. You punch the scorpion.
Your bite misses the scorpion.
The scorpion is severely wounded.
You feel sick. The scorpion stings you.
* * * LOW HITPOINT WARNING * * *
You hit the scorpion.
The scorpion is severely wounded.
You feel sick.
You are no longer poisoned.
The scorpion closely misses you.
You barely miss the scorpion. Your bite misses the scorpion.
The scorpion is severely wounded.
The scorpion stings you!
* * * LOW HITPOINT WARNING * * *
It was a potion of curing.
You feel better. The scorpion stings you!
* * * LOW HITPOINT WARNING * * *
You feel better. The scorpion stings you.
* * * LOW HITPOINT WARNING * * *
You are lethally poisoned!
The scorpion poisons you!
It was a potion of attraction.
You feel attractive to monsters.
You die...

#### ..# #.# ##.##
.######..g#####
........gggs@.#############
.....##.gg###....)[.......#
... ##.## #############.# .
#.# #.# #.# #># #g. ∆∆ #.#


#gg #.# #gg# ##.# #..# You could see a scorpion, 2 hobgoblins and 4 goblins.

Vanquished Creatures
  Ijyb (D:3)
  4 gnolls
  4 adders
  2 ufetubi
  An adder skeleton (D:4)
  A worm (D:3)
  A dart slug (D:2)
  An orc (D:3)
  5 ball pythons (D:1)
  5 endoplasms
  6 giant cockroaches
  14 goblins
  5 hobgoblins
  3 jackals (D:3)
  5 quokkas
  5 bats
  4 frilled lizards
  9 kobolds
  2 rats
78 creatures vanquished.

Notes
Turn   | Place    | Note
-------+----------+-------------------------------------------
     0 | D:1      | Pemander the Gnoll Wanderer began the quest for the Orb.
     0 | D:1      | Pemander set off with the following items: a +0 rapier, a
                  | +0 ring mail; and the following spell memorised: Animate
                  | Skeleton; and the following spells available to memorise:
                  | Vampiric Draining
     0 | D:1      | Reached XP level 1. HP: 13/13 MP: 4/4
   156 | D:1      | Found a faded altar of an unknown god.
   169 | D:1      | Reached XP level 2. HP: 19/19 MP: 5/5
   253 | D:1      | Learned a level 2 spell: Wereblood
   804 | D:1      | Reached XP level 3. HP: 24/25 MP: 7/7
  1005 | D:2      | Reached skill level 1 in Invocations
  1112 | D:2      | Reached skill level 1 in Fighting
  1112 | D:2      | Reached skill level 1 in Long Blades
  1112 | D:2      | Reached skill level 1 in Axes
  1112 | D:2      | Reached skill level 1 in Maces & Flails
  1112 | D:2      | Reached skill level 1 in Polearms
  1112 | D:2      | Reached skill level 1 in Staves
  1112 | D:2      | Reached skill level 1 in Slings
  1112 | D:2      | Reached skill level 1 in Bows
  1112 | D:2      | Reached skill level 1 in Crossbows
  1112 | D:2      | Reached skill level 1 in Throwing
  1112 | D:2      | Reached skill level 1 in Dodging
  1112 | D:2      | Reached skill level 1 in Stealth
  1112 | D:2      | Reached skill level 1 in Shields
  1112 | D:2      | Reached skill level 1 in Unarmed Combat
  1324 | D:2      | Reached XP level 4. HP: 32/32 MP: 8/8
  1812 | D:2      | Reached skill level 1 in Conjurations
  1812 | D:2      | Reached skill level 1 in Hexes
  1812 | D:2      | Reached skill level 1 in Summonings
  1812 | D:2      | Reached skill level 1 in Translocations
  1812 | D:2      | Reached skill level 1 in Transmutations
  1812 | D:2      | Reached skill level 1 in Fire Magic
  1812 | D:2      | Reached skill level 1 in Ice Magic
  1812 | D:2      | Reached skill level 1 in Air Magic
  1812 | D:2      | Reached skill level 1 in Earth Magic
  1812 | D:2      | Reached skill level 1 in Poison Magic
  2212 | D:3      | Reached XP level 5. HP: 11/37 MP: 9/9
  2994 | D:3      | Noticed Ijyb
  3010 | D:3      | Killed Ijyb
  3181 | D:3      | Found Bicwit's Armour Emporium.
  3630 | D:4      | Noticed Robin
  3641 | D:4      | HP: 1/37 [scorpion (7)]
  3643 | D:4      | Succumbed to a scorpion's poison

Illustrated notes

Levels and vault maps discovered:
D:1:      elethiomel_arrival_infinity_welcomes_careful_drivers, layout_basic,
          basic_ecumenical_altar
D:2:      layout_rooms, minmay_pentomino_s2
D:3:      kennysheep_goblin_castle, layout_rooms, serial_shops,
          nicolae_shop_advertising_works [nicolae_subvault_shop_adworks],
          nrook_mini_backslash
D:4:      layout_loops_ring, uniq_ijyb, uniq_robin

Skill      XL: |  1  2  3  4  5 |
---------------+----------------+-----
Necromancy     | 2 |  2.4
Invocations    | 1 |  1.8
Fighting       | 1 |  1.6
Long Blades    | 1 |  1.6
Axes           | 1 |  1.6
Maces & Flails | 1 |  1.6
Polearms       | 1 |  1.6
Staves         | 1 |  1.6
Slings         | 1 |  1.6
Bows           | 1 |  1.6
Crossbows      | 1 |  1.6
Throwing       | 1 |  1.6
Dodging        | 1 |  1.6
Stealth        | 1 |  1.6
Shields        | 1 |  1.6
Unarmed Combat | 1 |  1.6
Spellcasting   | 3 |  3.2
Conjurations   | 1 |  1.3
Hexes          | 1 |  1.3
Summonings     | 1 |  1.3
Translocations | 1 |  1.3
Transmutations | 1 |  1.3
Fire Magic     | 1 |  1.3
Ice Magic      | 1 |  1.3
Air Magic      | 1 |  1.3
Earth Magic    | 1 |  1.3
Poison Magic   | 1 |  1.3
Evocations     | 3 |  3.0
Short Blades   | |  6.7
Armour         | |  8.7

Action                   |  1- 3 |  4- 6 || total
-------------------------+-------+-------++-------
Melee: Rapier            |   108 |   168 ||   276
       Bite              |     3 |    16 ||    19
       Punch             |     3 |     4 ||     7
       Unarmed           |       |     8 ||     8
  Use: Scroll            |       |     5 ||     5
       Potion            |       |     3 ||     3
Armor: Ring mail         |    47 |    61 ||   108
       Leather armour    |       |     3 ||     3
       Skin              |       |     1 ||     1
Dodge: Dodged            |    65 |   105 ||   170
